 Dungeon Crawl Stone Soup version 0.32-a0-900-g30fb1b0edc (webtiles) character file.

Game seed: 7130081186247630037

266 snarfax the Sneak (level 6, -4/42 HPs)
             Began as an Octopode Brigand on Apr 5, 2024.
             Splashed by a jelly's acid (9 damage)
             ... on level 4 of the Dungeon.
             The game lasted 00:06:17 (3064 turns).

snarfax the Sneak (Octopode Brigand)                Turns: 3064, Time: 00:06:17

Health: -4/42      AC:  1    Str: 10    XL:     6   Next: 20%
Magic:  6/6        EV: 13    Int: 13    God:
Gold:   249        SH:  0    Dex: 16    Spells: 5/5 levels left

rFire   . . .        a - +3 dagger
rCold   . . .        (no shield)
rNeg    . . .        (helmet restricted)
rPois   .            (no amulet)
rElec   .            (no ring)
rCorr   .            (no ring)
SInv    .            (no ring)
Will    .....        (no ring)
Stlth   ++++         (no ring)
HPRegen 0.27/turn    (no ring)
MPRegen 0.10/turn    (no ring)
                     (no ring)

%: no passive effects
@: no status effects
A: almost no armour, amphibious, 8 rings, camouflage 1, gelatinous body 1,
(nimble swimmer 1), tentacles
a: no special abilities


You were on level 4 of the Dungeon.
You visited 1 branch of the dungeon, and saw 4 of its levels.

You collected 249 gold pieces.

Inventory:

Hand Weapons
 a - a +3 dagger (weapon)
 m - a +2 whip of flaming
Missiles
 b - 14 poisoned darts (quivered)
 c - 3 curare-tipped darts
 d - 4 javelins
Wands
 k - a wand of warping (12)
Scrolls
 g - 4 scrolls of identify
 l - a scroll of poison
Potions
 e - a potion of mutation {unknown}
 f - a potion of curing {unknown}
 h - a potion of cancellation
 i - a potion of degeneration
 j - a potion of brilliance {unknown}
 n - a potion of might {unknown}
 o - a potion of attraction {unknown}


   Skills:
 + Level 3.3 Fighting
 + Level 3.2 Short Blades
 + Level 3.2 Throwing
 + Level 2.5 Dodging
 + Level 6.6 Stealth


You had 5 spell levels left.
You didn't know any spells.
Your spell library contained the following spells:

 Spells                   Type           Power      Damage    Failure   Level
 Kiss of Death            Conj/Necr      0%         2d5       30%         1
 Slow                     Hex            0%         N/A       30%         1
 Confusing Touch          Hex            0%         N/A       67%         3
 Vampiric Draining        Necr           0%         2d6       67%         3
 Dispel Undead            Necr           0%         3d6       97%         4
 Sculpt Simulacrum        Ice/Alch       0%         N/A       100%        6
 Ozocubu's Refrigeration  Ice            0%         4d7       100%        7
 Polar Vortex             Ice            0%         N/A       100%        9


Dungeon Overview and Level Annotations

Branches:
Dungeon (4/15)
 Temple: D:4-7

Altars:
Dithmenos
Fedhas
Makhleb


Innate Abilities, Weirdness & Mutations

You cannot wear most types of armour.
You are amphibious.
You can wear up to eight rings at the same time.
Your skin changes colour to match your surroundings (Stealth+).
Your rubbery body absorbs attacks. (AC +1, EV +1)
((You are camouflaged when in or above water. (Stealth+)))
You have tentacles for arms and can constrict up to eight enemies at once.


Message History

No reachable target in view!
A ball python is nearby!
No reachable target in view!
A kobold comes into view. It is wielding a +0 dagger.
Found a book of Displacement.
The helpless ball python fails to defend itself.
You impale the ball python!!
You kill the ball python!
No target in view!
A kobold is nearby!
No reachable target in view!
No reachable target in view!
The kobold shouts!
You see here a book of Displacement.
A jelly comes into view.
A phantom comes into view.
The jelly quivers.
You hit the kobold. Your grab misses the kobold.
The kobold is severely wounded.
The kobold misses you.
You puncture the kobold!
You kill the kobold!
The jelly hits you.
You are splashed with acid!
Things that are here:
a +0 dagger; a stone You puncture the jelly!
Your tentacles burn!
The jelly is heavily wounded.
The jelly hits you.
You are splashed with acid!
You are too injured to fight recklessly!
You are too injured to fight recklessly!
You are too injured to fight recklessly!
The jelly attacks as it pursues you! The jelly hits you.
You are splashed with acid!
* * * LOW HITPOINT WARNING * * *
The jelly attacks as it pursues you! The jelly closely misses you.
You see here a book of Displacement.
The jelly attacks as it pursues you! The jelly hits you.
* * * LOW HITPOINT WARNING * * *
You are splashed with acid!
You die...

#..........##.........>
#.....#######..##.#####....
...#.#$....#..##.# #....
....#.$.$.#..##.#####.... #
#.#.#.$_$.#..##..........
##.#.#.#.....#..##.########.
#......#.....#..##.## #.
.......###+###.###..# ##.
.......)..J@........# #..
.....#...W.#####....### #.#
#.. ##...## #.......# #.# .
##.## #.......# #.. #.#
#.<.....# #.> #.#
###<..######.. ..#
#............ ###
#.##........( #.##.#.######


You could see a phantom and a jelly.

Vanquished Creatures
  Crazy Yiuf (D:2)
  Jessica (D:3)
  An iguana (D:4)
  Robin (D:3)
  7 adders
  6 dart slugs
  5 orcs (D:3)
  5 ball pythons
  5 bats
  7 endoplasms
  3 giant cockroaches
  20 goblins
  11 hobgoblins
  2 jackals (D:4)
  5 kobolds
  A quokka (D:1)
  2 frilled lizards (D:3)
  7 rats
90 creatures vanquished.

Notes
Turn   | Place    | Note
-------+----------+-------------------------------------------
     0 | D:1      | snarfax the Octopode Brigand began the quest for the Orb.
     0 | D:1      | Reached XP level 1. HP: 14/14 MP: 1/1
    48 | D:1      | Reached XP level 2. HP: 19/19 MP: 2/2
   718 | D:1      | Reached XP level 3. HP: 24/24 MP: 3/3
  1289 | D:2      | Reached XP level 4. HP: 22/30 MP: 4/4
  1703 | D:2      | Found a runed translucent door.
  1704 | D:2      | Noticed Crazy Yiuf
  1711 | D:2      | Killed Crazy Yiuf
  1712 | D:2      | Reached skill level 6 in Stealth
  1916 | D:3      | Reached XP level 5. HP: 36/36 MP: 5/5
  1933 | D:3      | Noticed Jessica
  1948 | D:3      | Killed Jessica
  2126 | D:3      | Noticed Robin
  2148 | D:3      | Killed Robin
  2583 | D:3      | Found a burning altar of Makhleb.
  2696 | D:4      | Reached XP level 6. HP: 42/42 MP: 6/6
  2758 | D:4      | Found a shadowy altar of Dithmenos.
  3036 | D:4      | Found a blossoming altar of Fedhas.
  3064 | D:4      | Splashed by a jelly's acid

Illustrated notes

Levels and vault maps discovered:
D:1:      dpeg_arrival_morbid_curiosity, layout_loops_corners,
          serial_bayou_lake_a
D:2:      layout_basic, minmay_misc_feat_columns, kennysheep_generic_room_9,
          uniq_crazy_yiuf_cottage
D:3:      layout_basic, overflow_temple_1_default, uniq_robin, uniq_jessica
D:4:      layout_loops_ring, amcnicky_altar_gilded,
          nicolae_dithmenos_shadow_blocks, kennysheep_generic_room_2

Skill      XL: |  1  2  3  4  5 |
---------------+----------------+-----
Dodging        | 2 |  2.5
Stealth        | 6 |  6.6
Short Blades   | 3 |  3.2
Fighting       | 3 |  3.3
Throwing       | 3 |  3.2

Action                     |  1- 3 |  4- 6 || total
---------------------------+-------+-------++-------
  Melee: Dagger            |    47 |    78 ||   125
         Constrict         |    11 |    16 ||    27
         Tentacles         |     8 |    14 ||    22
  Throw: Dart              |       |     4 ||     4
    Use: Scroll            |     2 |     5 ||     7
   Stab: Sleeping          |    14 |    17 ||    31
         Distracted        |       |     2 ||     2
 Armour: Skin              |    15 |    28 ||    43
  Dodge: Dodged            |    20 |    26 ||    46

Table legend: (Time is in decaauts)
 A = Elapsed time spent in this place.
 B = Non-inter-level travel time spent in this place.
 C = Inter-level travel time spent in this place.
 D = Time resting spent in this place.
 E = Time spent auto-exploring this place.
 F = Levels seen in this place.
 G = Mean time per level.
                   A        B        C        D        E       F      G
               +--------+--------+--------+--------+--------+-----+--------+
         Total |   3046 |   2890 |    156 |    100 |   2303 |   4 |  761.5 |
       Dungeon |   3046 |   2890 |    156 |    100 |   2303 |   4 |  761.5 |
               +--------+--------+--------+--------+--------+-----+--------+

Top non-repeatable levels by time:
     D:1: 1073 daAuts
     D:3: 782 daAuts
     D:2: 767 daAuts
     D:4: 423 daAuts
